AoeStats
← Tavik

African Clearing

504885020Analyzed
2v2 RM · 25d ago on Sep 6, 2026· 38m 41s· 4 players
Game mode
Random Map
Map size
Medium (4 player)
Population
200
Speed
Normal
Resources
Standard
Victory
Conquest
Starting age
Dark Age
Ending age
Imperial Age
RankedLock teamsTeams togetherTeam positionsShared explorationLock speedFull tech treeHidden civsTurbo modeCheats
Victory
Defeat
🇨🇿 Persians · Czechia
1376
+13
🇨🇿 Japanese · Czechia
1327
+15
🇧🇷 Cumans · Brazil
1328
-15
🇧🇷 Saracens · Brazil
1278
-13
Melioth
3:46 Loom
13:55 Feudal Age
15:41 Fishing Lines
18:19 Castle Age
16:55 Fletching
17:07 Padded Archer Armor
17:12 Double-Bit Axe
18:02 Gold Mining
17:58 Horse Collar
22:12 Bodkin Arrow
22:38 Bow Saw
24:48 Wheelbarrow
24:25 Gillnets
25:57 Husbandry
27:11 Ballistics
27:20 Bloodlines
27:53 Stone Mining
29:15 Thumb Ring
33:02 Hand Cart
38:59 Imperial Age
37:41 Leather Archer Armor
37:36 Forging
37:32 Scale Barding Armor
37:30 Scale Mail Armor
Tavik
6:45 Loom
13:37 Feudal Age
17:29 Castle Age
15:52 Double-Bit Axe
16:19 Horse Collar
25:08 Wheelbarrow
25:38 Heavy Plow
26:32 Town Watch
26:23 Light Cavalry
32:45 Imperial Age
31:30 Bloodlines
31:48 Husbandry
32:23 Cavalier
33:40 Scale Barding Armor
33:46 Forging
33:53 Savar
34:57 Chain Barding Armor
36:12 Iron Casting
37:03 Plate Barding Armor
36:52 Gold Mining
36:52 Stone Mining
37:16 Bow Saw
37:40 Crop Rotation
39:13 Gold Shaft Mining
39:14 Stone Shaft Mining
39:16 Hand Cart
39:02 Town Patrol
39:20 Citadels
39:30 Conscription
GeroKannemann
10:49 Loom
14:12 Feudal Age
19:04 Castle Age
18:30 Double-Bit Axe
18:26 Horse Collar
19:26 Scale Barding Armor
19:33 Bloodlines
19:39 Forging
23:47 Bow Saw
25:23 Wheelbarrow
27:34 Wheelbarrow
28:15 Heavy Plow
28:52 Hand Cart
30:46 Husbandry
32:09 Iron Casting
32:15 Chain Barding Armor
34:02 Town Watch
38:46 Imperial Age
36:38 Stone Mining
36:39 Gold Mining
FakeNewsBR
4:23 Loom
14:01 Feudal Age
17:58 Castle Age
16:16 Double-Bit Axe
16:52 Town Watch
19:17 Bow Saw
20:44 Gold Mining
25:20 Horse Collar
28:30 Wheelbarrow
31:08 Hand Cart
34:00 Imperial Age
32:01 Ballistics
33:43 Scale Barding Armor
33:48 Forging
34:33 Bloodlines
34:25 Fletching
34:56 Chain Barding Armor
34:31 Cavalier
36:50 Iron Casting
36:39 Conscription
36:31 Steppe Husbandry
36:49 Paladin
Connection lost

Rejoining the realm…

Still unreachable

The connection could not be restored.

Session expired

The server has moved on; the page needs a fresh start.